 Dungeon Crawl Stone Soup version 0.18-a0-1468-gaf180a1 (webtiles) character file.

209 graki42 the Slinger (level 6, -1/39 HPs)
             Began as a Halfling Hunter on Mar 1, 2016.
             Slain by namelastname112's ghost (8 damage)
             ... on level 4 of the Dungeon.
             The game lasted 00:09:55 (2939 turns).

graki42 the Slinger (Halfling Hunter)               Turns: 2939, Time: 00:09:55

Health: -1/39      AC:  4    Str: 12    XL:     6   Next: 12%
Magic:  6/6        EV: 12    Int: 10    God:
Gold:   249        SH:  7    Dex: 17    Spells: 0 memorised, 5 levels left

rFire  . . .     SeeInvis .     a - +2 hunting sling
rCold  . . .     Gourm    .     c - +0 leather armour
rNeg   . . .     Faith    .     t - +0 shield
rPois  .         Spirit   .     (no helmet)
rElec  .         Dismiss  .     (no cloak)
rCorr  .         Reflect  .     k - +0 pair of gloves
SustAt .         Harm     .     (no boots)
MR     .....                    (no amulet)
Stlth  ++........               (no ring)
                                (no ring)

@: not resistant to hostile enchantments, unstealthy
A: mutation resistance 1
a: no special abilities


You were on level 4 of the Dungeon.
You were not hungry.

You visited 1 branch of the dungeon, and saw 4 of its levels.

You collected 249 gold pieces.

Inventory:

Hand Weapons
 a - a +2 hunting sling (weapon)
 b - a +0 short sword
Missiles
 g - 98 stones (quivered)
 l - a throwing net
Armour
 c - a +0 leather armour (worn)
 k - a +0 pair of gloves (worn)
 t - a +0 shield (worn)
Jewellery
 s - an uncursed ring of wizardry {unknown}
 x - an uncursed ring of protection from magic {unknown}
Wands
 m - a wand of random effects (17/48)
 n - a wand of digging (15/24)
 o - a wand of random effects (48/48)
Scrolls
 i - a scroll of immolation
 u - 2 scrolls of identify
 y - a scroll of fear
Potions
 e - a potion of beneficial mutation {unknown}
 j - a potion of haste
 q - 2 potions of curing {unknown}
 r - a potion of flight {unknown}
 v - a potion of might {unknown}
Comestibles
 f - 2 bread rations
 h - a royal jelly
 p - 3 meat rations
 w - a slice of pizza


   Skills:
 + Level 2.1 Fighting
 + Level 0.6 Short Blades
 + Level 8.4 Slings
 + Level 1.5 Armour
 + Level 3.0 Dodging
 * Level 2.5 Stealth


You had 5 spell levels left.
You didn't know any spells.

Dungeon Overview and Level Annotations

Branches:
Dungeon (4/15)
 Temple: D:4-7

Altars:
Nemelex Xobeh
Pakellas
Xom

Annotations:
D:4 namelastname112's ghost, amateur DrMo


Innate Abilities, Weirdness & Mutations

You are small and have problems with some larger weapons.
You are somewhat resistant to further mutation.


Message History

Aim: namelastname112's ghost (almost destroyed)
You shoot a stone.
The stone hits namelastname112's ghost but does no damage.
Namelastname112's ghost is almost destroyed.
Namelastname112's ghost hits you!
* * * LOW HITPOINT WARNING * * *
Firing (i - inventory. (,) - cycle):
g - 100 stones (quivered)
Press: ? - help, Shift-Dir - straight line, f/p - namelastname112's ghost
Aim: namelastname112's ghost (almost destroyed)
You shoot a stone.
The stone misses namelastname112's ghost.
Namelastname112's ghost misses you.
Firing (i - inventory. (,) - cycle):
g - 99 stones (quivered)
Press: ? - help, Shift-Dir - straight line, f/p - namelastname112's ghost
Aim: namelastname112's ghost (almost destroyed)
You shoot a stone.
The stone hits namelastname112's ghost but does no damage.
Namelastname112's ghost is almost destroyed.
Namelastname112's ghost hits you!
You die...

#. ######### #.##
((......# ..#
..(..!..####.##
..............#######
....(................
............#..###.#
......W.†...##.##
.......@....##..#
........#######.#
.......!# #.#
.######## #.##.#
#.........# #..#.#
#......[..# ##.#.#
#.........# #.#.#
#......<..# #.#.#
#.........# #.#.# ##


You could see namelastname112's ghost.

Vanquished Creatures
  Ijyb (D:3)
  Terence (D:3)
  4 adders
  3 gnolls (D:3)
  A shadow imp (D:3)
  An ooze (D:1)
  3 dart slugs
  3 giant geckos
  6 orcs
  3 giant cockroaches
  4 hobgoblins
  13 jackals
  6 kobolds
  A quokka (D:2)
  6 bats
  4 giant newts
  2 goblins
  5 rats
67 creatures vanquished.

Notes
Turn   | Place    | Note
--------------------------------------------------------------
     0 | D:1      | graki42 the Halfling Hunter began the quest for the Orb.
     0 | D:1      | Reached XP level 1. HP: 14/14 MP: 1/1
    67 | D:1      | Reached skill level 6 in Slings
    86 | D:1      | Reached XP level 2. HP: 19/19 MP: 2/2
   295 | D:1      | Reached XP level 3. HP: 24/24 MP: 3/3
   611 | D:1      | Reached skill level 7 in Slings
   828 | D:2      | Found a faded altar to an unknown god.
  1051 | D:2      | Reached XP level 4. HP: 19/29 MP: 4/4
  1528 | D:3      | Noticed Terence
  1541 | D:3      | Killed Terence
  1545 | D:3      | Reached XP level 5. HP: 34/34 MP: 5/5
  1679 | D:3      | Noticed Ijyb
  1693 | D:3      | Killed Ijyb
  1697 | D:3      | Found an oddly glowing altar of Pakellas.
  1745 | D:3      | Reached skill level 8 in Slings
  1751 | D:3      | Reached skill level 1 in Armour
  1946 | D:3      | Reached XP level 6. HP: 39/39 MP: 6/6
  2504 | D:4      | Found a sparkling altar of Nemelex Xobeh.
  2544 | D:4      | Noticed an ogre
  2544 | D:4      | Noticed namelastname112's ghost (amateur DrMo)
  2553 | D:4      | Found a shimmering altar of Xom.
  2553 | D:4      | Found a shimmering altar of Xom.
  2554 | D:4      | Found a shimmering altar of Xom.
  2554 | D:4      | Found a shimmering altar of Xom.
  2939 | D:4      | Slain by namelastname112's ghost

Vault maps used:
D:1:      ncdulo_lavacross
D:2:      ecumenical_altar_1
D:3:      grunt_pakellas_salt, serial_curves, eino_curves_03, eino_curves_03,
          first_bread, uniq_iyjb, uniq_terence
D:4:      nemelex_xobeh_ov_fountains_minmay, serial_shops, kennysheep_mini_moat,
          xom_redecorated

Skill      XL: |  1  2  3  4  5 |
---------------+----------------+-----
Slings         | 6 7 8 |  8.4
Fighting       | 2 |  2.1
Stealth        | 2 |  2.5
Armour         | 1 |  1.5
Dodging        | 3 |  3.0
Short Blades   | |  0.6

Action                   |  1- 3 |  4- 6 || total
-------------------------+-------+-------++-------
Melee: Short sword       |    24 |    32 ||    56
 Fire: Hunting sling     |    90 |   149 ||   239
  Use: Scroll            |     3 |     6 ||     9
 Stab: Sleeping          |       |     1 ||     1
  Eat: Chunk             |       |     6 ||     6
